 Dungeon Crawl Stone Soup version 0.17-a0-6048-gac2d693 (webtiles) character file.

122 Eucla the Skirmisher (level 4, -4/37 HPs)
             Began as a Demonspawn Monk on Nov 27, 2016.
             Was a Believer of Wundvrond.
             Slain by Grinder (5 damage)
             ... on level 4 of the Dungeon.
             The game lasted 00:04:25 (2397 turns).

Eucla the Skirmisher (Demonspawn Monk)              Turns: 2397, Time: 00:04:25

Health: -4/37      AC: 12    Str: 12    XL:     4   Next: 78%
Magic:  4/4        EV:  6    Int: 16    God:    Wundvrond [**....]
Gold:   134        SH:  0    Dex: 16    Spells: 0 memorised, 3 levels left

rFire  + . .     SeeInvis .     g - +0 whip (drain)
rCold  + . .     Gourm    .     o - +0 chain mail
rNeg   . . .     Faith    .     (no shield)
rPois  +         Spirit   .     (no helmet)
rElec  +         Reflect  .     k - +1 cloak
rCorr  +         Harm     .     (no gloves)
MR     .....                    (no boots)
Stlth  ..........               (no amulet)
                                (no ring)
                                (no ring)

@: brilliant, exhausted, resistant, very slightly contaminated, slowed,
invisible, very slow
A: talons 2, icy blue scales 1
a: Renounce Religion


You were on level 4 of the Dungeon.
You worshipped Wundvrond.
Wundvrond was pleased with you.
You were not hungry.

You visited 1 branch of the dungeon, and saw 4 of its levels.

You collected 134 gold pieces.

Inventory:

Hand Weapons
 g - a +0 whip of draining (weapon)
Armour
 a - a +0 robe
 k - a +1 cloak (worn)
 o - a +0 chain mail (worn)
Scrolls
 c - 2 scrolls of random uselessness {unknown}
 d - 2 scrolls of teleportation {unknown}
 e - 5 scrolls of remove curse {unknown}
 f - a scroll of enchant weapon {unknown}
 h - a scroll of immolation {unknown}
 i - 3 scrolls of fear {unknown}
 j - 2 scrolls of recharging {unknown}
 m - 3 scrolls of identify {unknown}
 q - a scroll of enchant armour {unknown}
Comestibles
 b - 2 bread rations
 p - a meat ration


   Skills:
 + Level 4.2 Fighting
 - Level 2.6 Dodging
 - Level 1.7 Stealth
 * Level 4.2 Unarmed Combat


You had 3 spell levels left.
You didn't know any spells.

Dungeon Overview and Level Annotations

Branches:
Dungeon (4/15)
 Temple: D:4-7

Altars:
Nemelex Xobeh Wundvrond

Annotations:
D:4 Grinder


Innate Abilities, Weirdness & Mutations

You have razor-sharp toenails.
You are partially covered in icy blue scales. (AC +2)


Message History

You can move again.
Unknown command.
Unknown command.
Your chain mail prevents you from hitting Grinder.
Your kick misses Grinder. Grinder hits you but does no damage.
Unknown command.
You hit Grinder. You claw Grinder, but do no damage.
Grinder is lightly wounded.
Grinder hits you.
* * * LOW HITPOINT WARNING * * *
You writhe in agony.
* * * LOW HITPOINT WARNING * * *
Grinder hits you but does no damage.
Unknown command.
A frilled lizard comes into view.
The frilled lizard hisses angrily.
Grinder hits you.
* * * LOW HITPOINT WARNING * * *
You writhe in agony.
You die...

.. #. #.# #.# # #.# .#
#.##.##### #....[>l..
## ..# #.@# # ... ..#
###5.#.# ##.# #.#
#..W...# ##...# #.#
#†##..###
#.....##.####........
.......#.#....##..####
..........###.##..#
..........w...##..#
........#>#.#.##..#


You could see Grinder, a phantom and a frilled lizard (wandering).

Vanquished Creatures
  5 adders
  A worm (D:3)
  2 dart slugs
  3 leopard geckos
  An orc (D:3)
  3 ball pythons
  8 bats
  2 bat zombies (D:1)
  8 giant cockroaches
  8 goblins
  4 hobgoblins
  3 jackals (D:3)
  7 kobolds
  3 frilled lizards
  6 rats
64 creatures vanquished.

Notes
Turn   | Place    | Note
-------+----------+-------------------------------------------
     0 | D:1      | Eucla the Demonspawn Monk began the quest for the Orb.
     0 | D:1      | Reached XP level 1. HP: 18/18 MP: 1/1
   176 | D:1      | Gained mutation: You are partially covered in icy blue scales. (AC +2) [demonic ancestry]
   176 | D:1      | Reached XP level 2. HP: 21/24 MP: 2/2
   886 | D:2      | Gained mutation: You have sharp toenails. [demonic ancestry]
   886 | D:2      | Reached XP level 3. HP: 29/29 MP: 3/3
  1327 | D:2      | Gained mutation: You have razor-sharp toenails. [demonic ancestry]
  1327 | D:2      | Reached XP level 4. HP: 37/37 MP: 4/4
  1525 | D:3      | Found a sparkling altar of Nemelex Xobeh.
  2087 | D:3      | Found a something altar of Wundvrond.
  2117 | D:3      | Became a worshipper of Wundvrond
  2117 | D:3      | Reached * piety under Wundvrond
  2117 | D:3      | Reached ** piety under Wundvrond
  2347 | D:4      | Noticed Grinder
  2347 | D:4      | Noticed a phantom
  2353 | D:4      | Paralysed by Grinder for 6 turns
  2387 | D:4      | Paralysed by Grinder for 7 turns
  2397 | D:4      | HP: 1/37 [Grinder (5)]
  2397 | D:4      | Slain by Grinder

Vault maps used:
D:1:      saegor_arrival_fortress
D:3:      nemelex_xobeh_ov_fountains_minmay, old_standard_altar,
          corexii_hall_statues_l
D:4:      uniq_grinder

Skill      XL: |  1  2  3  4 |
---------------+-------------+-----
Unarmed Combat | 3 4 |  4.2
Fighting       | 4 |  4.2
Dodging        | |  2.6
Stealth        | |  1.7

Action                   |  1- 3 |  4- 6 || total
-------------------------+-------+-------++-------
Melee: Unarmed           |    64 |       ||    64
       Whip              |    89 |   106 ||   195
       Punch             |     1 |     2 ||     3
       Kick              |     9 |    27 ||    36
  Use: Potion            |       |     5 ||     5
 Stab: Sleeping          |     7 |       ||     7
  Eat: Pizza             |     1 |       ||     1
       Meat ration       |       |     1 ||     1
Armor: Robe              |    42 |       ||    42
       Chain mail        |    18 |   125 ||   143
Dodge: Dodged            |   111 |    57 ||   168
